 Seeded DCSS version 0.30.1-9-gdf580d7c3d (webtiles) character file.

Game seed: 6351066067085065685 (custom seed)

22604 Esekla the Eclecticist (level 12, -2/70 HPs)
             Began as a Deep Elf Wanderer on Sept 25, 2023.
             Was a Follower of Vehumet.
             Slain by a yak (9 damage)
             ... led by a torpor snail
             ... on level 2 of the Lair of Beasts.
             The game lasted 02:22:12 (13685 turns).

Esekla the Eclecticist (Deep Elf Wanderer)         Turns: 13685, Time: 02:22:12

Health: -2/70      AC:  8    Str: 11    XL:     12   Next: 64%
Magic:  31/44      EV: 14    Int: 24    God:    Vehumet [*.....]
Gold:   597        SH:  4    Dex: 14    Spells: 9/45 levels left

rFire   . . .        s - +5 rapier of the Hero {heavy, rN+ Dex+3}
rCold   . . .        d - +0 buckler
rNeg    + . .        Q - +0 troll leather armour
rPois   .            N - +1 helmet
rElec   .            F - +0 cloak
rCorr   .            l - +0 pair of gloves
SInv    .            (no boots)
Will    +....        z - amulet of magic regeneration
Stlth   ++           L - ring of magical power
HPRegen 1.11/turn    S - ring of the Mage {Wiz Archmagi}
MPRegen 0.69/turn

%: wizardry (x1), archmagi
@: marked, slowed, studying Fighting, very slow
A: no striking features
a: Renounce Religion


You were on level 2 of the Lair of Beasts.
You worshipped Vehumet.
Vehumet was aware of your devotion.
You visited 3 branches of the dungeon, and saw 15 of its levels.
You also visited: Trove and Bailey.

You collected 1311 gold pieces.
You spent 714 gold pieces at shops.

Inventory:

Hand Weapons
 c - a +5 scimitar
 r - a +4 trident of venom
 s - the +5 rapier of the Hero (weapon) {heavy, rN+ Dex+3}
   (You found it on level 3 of the Dungeon)

   Dex:       It affects your dexterity (+3).
   rN:        It protects you from negative energy.
 M - a +2 rapier of venom
Missiles
 v - 46 poisoned darts (quivered)
 K - 6 curare-tipped darts
 P - 7 boomerangs
Armour
 d - a +0 buckler (worn)
 l - a +0 pair of gloves (worn)
 F - a +0 cloak (worn)
 N - a +1 helmet (worn)
 Q - a +0 troll leather armour (worn)
Jewellery
 g - a ring of ice
 z - an amulet of magic regeneration (around neck)
 L - a ring of magical power (left hand)
 R - an amulet of reflection
 S - the ring of the Mage (right hand) {Wiz Archmagi}
   (You bought it in a shop on level 2 of the Dungeon)

   [ring of wizardry]

   It improves your spell success rate.
   Archmagi:  It increases the power of your magical spells.
 T - the ring of Akemeir {Fire Str+4}
   (You found it in a treasure trove)

   [ring of fire]

   It enhances your fire magic.
   Str:       It affects your strength (+4).
   rF:        It protects you from fire.
   rC:        It makes you vulnerable to cold.
 V - the ring of Descent {rPois rC+ Int+5 Stlth-}
   (You found it in a treasure trove)

   [ring of protection from cold]

   Int:       It affects your intelligence (+5).
   rC:        It protects you from cold.
   rPois:     It protects you from poison.
   Stlth:     It makes you less stealthy.
Wands
 f - a wand of roots (20)
 B - a wand of flame (15)
 H - a wand of mindburst (8)
 O - a wand of digging (16)
Scrolls
 a - a scroll of identify
 m - 3 scrolls of acquirement
 o - 3 scrolls of amnesia
 p - 2 scrolls of enchant armour
 q - 5 scrolls of blinking {unknown}
 t - 2 scrolls of fog
 x - 2 scrolls of silence
 y - a scroll of magic mapping
 C - 3 scrolls of fear
 D - 4 scrolls of enchant weapon {unknown}
 E - 4 scrolls of teleportation
 G - 2 scrolls of poison
Potions
 b - 3 potions of lignification
 e - 3 potions of ambrosia {unknown}
 h - 2 potions of heal wounds
 i - 8 potions of attraction {unknown}
 j - 8 potions of curing
 k - 6 potions of haste {unknown}
 n - 3 potions of mutation
 u - a potion of cancellation {unknown}
 w - 5 potions of brilliance {unknown}
 A - 2 potions of magic {unknown}
 U - a potion of might {unknown}


   Skills:
 * Level 6.1 Fighting
 + Level 2.1(2.5) Short Blades
 + Level 1.6(2.1) Long Blades
 + Level 1.8 Throwing
 * Level 3.1 Armour
 * Level 7.4 Dodging
 + Level 3.0 Stealth
 + Level 2.0 Shields
 * Level 17.0 Spellcasting
 + Level 2.2 Conjurations
 + Level 0.1 Hexes
 * Level 10.2 Necromancy
 + Level 4.2 Translocations
 + Level 4.3 Transmutations
 + Level 7.4 Fire Magic
 * Level 2.2 Ice Magic
 + Level 1.1 Air Magic
 + Level 5.4 Poison Magic
 + Level 1.0 Invocations


You had 9 spell levels left.
You knew the following spells:

 Your Spells              Type           Power      Damage    Failure   Level
a - Magic Dart            Conj           100%       1d8       1%          1
b - Blink                 Tloc           100%       N/A       1%          2
c - Mephitic Cloud        Conj/Pois/Air  51%        N/A       1%          3
d - Vampiric Draining     Necr           81%        2d11      1%          3
f - Fireball              Conj/Fire      30%        3d13      8%          5
m - Fulminant Prism       Conj/Hex       19%        3d11      12%         4
n - Ignite Poison         Fire/Tmut/Pois 64%        N/A       1%          3
o - Scorch                Fire           100%       2d9       1%          2
p - Apportation           Tloc           100%       N/A       1%          1
t - Teleport Other        Tloc           57%        N/A       1%          3
v - Poisonous Vapours     Pois/Air       100%       N/A       1%          2
w - Wereblood             Tmut           58%        N/A       1%          2
z - Freezing Cloud        Conj/Ice/Air   22%        6-21      24%         5

Your spell library contained the following spells:

 Spells                   Type           Power      Damage    Failure   Level
 Yara's Violent Unravell  Hex/Tmut       23%        3d10      21%         5
 Foxfire                  Conj/Fire      100%       2x1d9     1%          1
 Lesser Beckoning         Tloc           100%       N/A       1%          2
 Sublimation of Blood     Necr           81%        N/A       1%          2
 Gell's Gravitas          Tloc           57%        N/A       1%          3
 Spider Form              Tmut/Pois      60%        N/A       1%          3
 Hailstorm                Conj/Ice       47%        3d11      2%          3
 Manifold Assault         Tloc           57%        N/A       3%          4
 Cause Fear               Hex            15%        N/A       17%         4
 Starburst                Conj/Fire      30%        6d9       36%         6
 Plasma Beam              Fire/Air       28%        2x1d45    43%         6
 Summon Mana Viper        Hex/Summ       31%        N/A       45%         5
 Dispersal                Tloc           28%        N/A       45%         6
 Summon Hydra             Summ           15%        N/A       100%        7
 Disjunction              Tloc           28%        N/A       100%        8


Dungeon Overview and Level Annotations

Branches:
Dungeon (12/15)            Temple (0/1) D:6            Lair (2/5) D:11
    Orc (1/2) D:10         Bailey (visited)
  Swamp: Lair:2-3    Shoals: Lair:2-3     Snake: Lair:2-3    Spider: Lair:2-3

Altars:
Dithmenos
Fedhas
Hepliaklqana
Nemelex Xobeh
Okawaru
Qazlal
Ru
Trog
Uskayaw
Vehumet
Zin
The Shining One

Shops:
D:2 =   D:4 (   D:11 *

Annotations:
D:2 black bear
D:7 Joseph


Message History

Confirm with . or Enter, or press ? or * to list all spells.
You feel a surge of power!
You blink.
You feel very sick.
The yak is engulfed in freezing vapours.
You block the komodo dragon's attack. The yak closely misses you.
You feel sick. The komodo dragon bites you!
* * * LOW HITPOINT WARNING * * *
Casting: Blink (safe; 1% risk of failure)
Confirm with . or Enter, or press ? or * to list all spells.
You feel a surge of power!
You blink.
You feel sick.
Casting: Blink (safe; 1% risk of failure)
Confirm with . or Enter, or press ? or * to list all spells.
Aiming: Mephitic Cloud (safe; 1% risk of failure)
Press: ? - help, Shift-Dir - straight line, f - yak
Aim: a yak (heavily wounded, chance to affect: 67%)
You feel a surge of power!
The ball explodes into a vile cloud!
The stinking cloud engulfs the yak but does no damage.
The yak is heavily wounded.
The stinking cloud engulfs the wyvern but does no damage.
The stinking cloud engulfs the torpor snail but does no damage.
The torpor snail is heavily wounded.
You feel sick.
The wyvern is engulfed in noxious fumes.
The wyvern appears confused.
The yak is engulfed in noxious fumes.
The torpor snail is engulfed in noxious fumes.
The wyvern is engulfed in noxious fumes.
The wyvern appears confused.
The wyvern bites the torpor snail.
The wyvern bites itself!
The komodo dragon is engulfed in noxious fumes.
Your magical contamination has completely faded away.
Casting: Mephitic Cloud (safe; 1% risk of failure)
Confirm with . or Enter, or press ? or * to list all spells.
Aiming: Vampiric Draining (safe; 1% risk of failure)
Press: ? - help, Shift-Dir - straight line, f/p - yak
Aim: a yak (noxious fumes, heavily wounded)
You feel a surge of power!
You draw life force from the yak.
You feel life coursing into your body.
You feel sick.
You are no longer poisoned.
The yak is engulfed in noxious fumes.
The yak gores you!
You die...

..........<.........
....#.##..........#
....# #..........# ....#
P..........## ....#
#...........# ....#
#.......☼Y§###
....####...☼.†.lw○..#
.....#.#...§°§.§lY####.#
.†.........§○§..@$......
##......................
#..##.##..#P.#..#......
##...####..#######......
.#..#####...## .....
......##...#.# .....
.....####....# ....
#....P# #...## ....
##...####.###


You could see a torpor snail, a komodo dragon, 2 yaks and a wyvern (confused).

Vanquished Creatures
  Harold (D:9)
  3 two-headed ogres
  Lodul (D:11)
  Pikel (D:6)
  3 orc knights
  4 cyclopes
  A black mamba (Lair:2)
  2 gargoyles
  2 cane toads
  Psyche (D:11)
  2 rime drakes
  3 komodo dragons (Lair:2)
  A kobold demonologist (D:9)
  A polar bear (D:11)
  6 trolls
  4 centaur simulacra (D:11)
  13 yaks
  A vampire (D:12)
  A basilisk (D:11)
  2 steam dragons
  3 wyverns
  Menkaure (D:7)
  6 ice beasts
  3 water moccasins
  A sky beast (D:6)
  12 orc warriors
  2 black bears
  11 ogres
  2 centaurs
  7 wolves (D:11)
  A phantom (D:7)
  Blork the orc (D:6)
  4 kobold brigands
  4 gnoll sergeants
  4 bullfrogs
  2 scorpions (D:5)
  10 wights
  20 killer bees
  2 howler monkeys (D:10)
  An electric eel (D:11)
  2 quasits (D:8)
  2 gnoll boudas
  5 hounds
  A jelly (D:6)
  Crazy Yiuf (D:7)
  8 orc priests
  A sleepcap (D:5)
  5 iguanas
  7 hell rats (Lair:2)
  11 orc wizards
  28 gnolls
  9 adders
  2 shadow imps (D:8)
  9 white imps
  4 ufetubi
  A worm (D:4)
  3 dart slugs
  57 orcs
  6 ball pythons
  4 endoplasms
  9 goblins
  7 hobgoblins
  A quokka (D:1)
  4 bats
  4 frilled lizards
  21 kobolds
  A rat (D:2)
363 creatures vanquished.

Vanquished Creatures (others)
  An orc wizard (D:8)
  A shadow imp (D:8)
  An orc (D:8)
  8 fulminant prisms
11 creatures vanquished.

Grand Total: 374 creatures vanquished

Notes
Turn   | Place    | Note
-------+----------+-------------------------------------------
     0 | D:1      | Esekla the Deep Elf Wanderer began the quest for the Orb.
     0 | D:1      | Esekla set off with the following items: a +0 club, a
                  | potion of lignification, a +0 robe, a +0 buckler; and the
                  | following spells available to memorise: Apportation, Blink,
                  | Lesser Beckoning, Magic Dart, Ignite Poison, Vampiric
                  | Draining.
     0 | D:1      | Reached XP level 1. HP: 10/10 MP: 7/7
    30 | D:1      | Learned a level 1 spell: Magic Dart
    39 | D:1      | Learned a level 1 spell: Apportation
   205 | D:2      | Found Renulab's Jewellery Shop.
   460 | D:4      | Found a radiant altar of Vehumet.
   467 | D:4      | Found an iron altar of Okawaru.
   478 | D:4      | Found a glowing silver altar of Zin.
   561 | D:4      | Became a worshipper of Vehumet
   746 | D:3      | Reached skill level 5 in Spellcasting
   763 | D:3      | Reached XP level 2. HP: 15/15 MP: 0/10
   766 | D:3      | Learned a level 2 spell: Blink
  1164 | D:1      | Reached * piety under Vehumet
  1164 | D:1      | Offered knowledge of Freeze by Vehumet.
  1227 | D:1      | Reached XP level 3. HP: 19/19 MP: 9/12
  1269 | D:1      | Learned a level 3 spell: Vampiric Draining
  1444 | D:1      | Learned a level 3 spell: Teleport Other
  1508 | D:2      | Reached skill level 1 in Conjurations
  1537 | D:3      | Identified the +5 rapier of the Hero {heavy, rN+ Dex+3}
  1745 | D:3      | Reached skill level 1 in Dodging
  1847 | D:3      | Found a stormy altar of Qazlal.
  1861 | D:3      | Reached XP level 4. HP: 16/24 MP: 8/13
  1886 | D:3      | Found a hazy altar of Hepliaklqana.
  1894 | D:3      | Reached skill level 6 in Spellcasting
  1894 | D:3      | Reached skill level 1 in Necromancy
  1896 | D:3      | Found a bloodstained altar of Trog.
  2248 | D:2      | Found a faded altar of an unknown god.
  2486 | D:2      | Reached XP level 5. HP: 26/28 MP: 15/15
  2785 | D:4      | Found a glowing golden altar of the Shining One.
  2875 | D:4      | Reached skill level 7 in Spellcasting
  2969 | D:4      | Offered knowledge of Momentum Strike by Vehumet.
  2978 | D:4      | Reached ** piety under Vehumet
  3015 | D:5      | Entered Level 5 of the Dungeon
  3018 | D:5      | Got the Parchment of the Lumpy Olives
  3039 | D:5      | Found a shadowy altar of Dithmenos.
  3115 | D:5      | Reached XP level 6. HP: 32/32 MP: 16/18
  3147 | D:5      | Reached skill level 1 in Short Blades
  3389 | D:5      | Reached skill level 8 in Spellcasting
  3636 | D:4      | Found Ponaysk's Antique Weapon Boutique.
  3982 | D:5      | Reached XP level 7. HP: 24/36 MP: 20/20
  4191 | D:5      | Reached skill level 9 in Spellcasting
  4649 | D:6      | Noticed Blork the orc
  4713 | D:7      | Found a runed translucent door.
  4714 | D:7      | Noticed Crazy Yiuf
  4723 | D:7      | Killed Crazy Yiuf
  4801 | D:7      | Noticed a wyvern
  4806 | D:7      | Killed a wyvern
  4807 | D:7      | Reached XP level 8. HP: 35/41 MP: 21/23
  4877 | D:7      | Offered knowledge of Scorch by Vehumet.
  4892 | D:7      | Learned a level 2 spell: Scorch
  4917 | D:7      | Noticed Menkaure
  4919 | D:7      | Killed Menkaure
  4920 | D:7      | Reached skill level 1 in Throwing
  4920 | D:7      | Reached skill level 10 in Spellcasting
  5085 | D:7      | Reached skill level 1 in Fire Magic
  5090 | D:7      | Reached skill level 5 in Necromancy
  5096 | D:7      | Reached *** piety under Vehumet
  5259 | D:7      | Noticed Joseph
  5310 | D:6      | Found a blossoming altar of Fedhas.
  5330 | D:6      | Reached skill level 11 in Spellcasting
  5447 | D:6      | Found a staircase to the Ecumenical Temple.
  5609 | D:6      | Killed Blork the orc
  5724 | D:6      | Noticed Pikel
  5836 | D:7      | Offered knowledge of Stone Arrow by Vehumet.
  5837 | D:7      | Reached XP level 9. HP: 45/45 MP: 26/26
  6227 | D:8      | Noticed a two-headed ogre
  6269 | D:8      | Found a transporter.
  6269 | D:8      | Found a transporter.
  6270 | D:8      | Found a transporter.
  6278 | D:8      | Learned a level 3 spell: Ignite Poison
  6301 | D:8      | Found a transporter.
  6361 | D:8      | Reached skill level 1 in Poison Magic
  6367 | D:8      | Reached **** piety under Vehumet
  6502 | D:8      | Offered knowledge of Fulminant Prism by Vehumet.
  6508 | D:8      | Learned a level 4 spell: Fulminant Prism
  6576 | D:8      | Reached skill level 1 in Transmutations
  6623 | D:8      | Killed a two-headed ogre
  6624 | D:8      | Reached skill level 5 in Dodging
  6624 | D:8      | Reached skill level 12 in Spellcasting
  6698 | D:8      | Found a hide-covered altar of Uskayaw.
  7449 | D:9      | Found a flagged portal.
  7493 | Bailey   | Entered a bailey
  7652 | Bailey   | Reached ***** piety under Vehumet
  7653 | Bailey   | Reached skill level 13 in Spellcasting
  7688 | Bailey   | Identified the +2 bardiche of Puhoisos {heavy, rElec
                  | Stlth+}
  7737 | Bailey   | Reached XP level 10. HP: 50/50 MP: 29/29
  7863 | Bailey   | Noticed an orc knight
  7863 | Bailey   | Noticed an orc knight
  7931 | Bailey   | Offered knowledge of Eringya's Noxious Bog by Vehumet.
  7938 | Bailey   | Killed an orc knight
  8109 | Bailey   | Killed an orc knight
  8486 | D:9      | Found a sparkling altar of Nemelex Xobeh.
  8582 | D:9      | Noticed a two-headed ogre
  8587 | D:9      | Killed a two-headed ogre
  8588 | D:9      | Reached skill level 1 in Fighting
  8588 | D:9      | Reached skill level 14 in Spellcasting
  8801 | D:9      | Noticed Harold
  8810 | D:9      | Killed Harold
  9049 | D:9      | Noticed a cyclops
  9055 | D:9      | Killed a cyclops
  9266 | D:9      | Reached skill level 5 in Fire Magic
  9266 | D:9      | Reached XP level 11. HP: 57/57 MP: 31/31
  9464 | D:10     | Entered Level 10 of the Dungeon
  9916 | D:10     | Found a staircase to the Orcish Mines.
  9970 | D:10     | Reached skill level 1 in Long Blades
  9970 | D:10     | Reached skill level 5 in Poison Magic
 10027 | D:10     | Reached skill level 15 in Spellcasting
 10095 | D:10     | Found a sacrificial altar of Ru.
 10768 | Orc:1    | Entered Level 1 of the Orcish Mines
 10780 | D:10     | Reached skill level 1 in Armour
 11016 | D:2      | Bought the ring of the Mage {Wiz Archmagi} for 714 gold
                  | pieces
 11016 | D:2      | Found the ring of the Mage {Wiz Archmagi}
 11119 | D:6      | Killed Pikel
 11446 | Orc:1    | Noticed an orc knight
 11454 | Orc:1    | Killed an orc knight
 11898 | D:11     | Offered knowledge of Yara's Violent Unravelling by Vehumet.
 12085 | D:11     | Got Simple Magic
 12095 | D:11     | Noticed Psyche
 12097 | D:11     | Noticed a two-headed ogre
 12102 | D:11     | Killed Psyche
 12111 | D:11     | Killed a two-headed ogre
 12288 | D:10     | Reached skill level 5 in Fighting
 12398 | D:11     | Reached skill level 16 in Spellcasting
 12398 | D:11     | Reached XP level 12. HP: 68/68 MP: 34/34
 12430 | D:12     | Learned a level 2 spell: Wereblood
 12547 | D:12     | Learned a level 5 spell: Fireball
 12695 | D:12     | Learned a level 3 spell: Mephitic Cloud
 12701 | D:12     | Learned a level 5 spell: Freezing Cloud
 12729 | D:12     | Found a portal to a secret trove of treasure.
 12745 | D:12     | Learned a level 2 spell: Poisonous Vapours
 12753 | Trove    | Entered a treasure trove
 12762 | Trove    | Identified the ring of Akemeir {Fire Str+4}
 12771 | Trove    | Identified the ring of Descent {rPois rC+ Int+5 Stlth-}
 12932 | D:11     | Reached skill level 1 in Ice Magic
 12934 | D:11     | Noticed Lodul
 12938 | D:11     | Killed Lodul
 13056 | D:11     | Found a staircase to the Lair.
 13059 | D:11     | Reached skill level 10 in Necromancy
 13122 | D:11     | Found Fagafuf's Pet Rocks.
 13345 | Lair:1   | Entered Level 1 of the Lair of Beasts
 13445 | Lair:1   | You fall into a shaft and drop 1 floor!
 13670 | Lair:2   | Reached skill level 17 in Spellcasting
 13670 | Lair:2   | Reached skill level 1 in Air Magic
 13670 | Lair:2   | Noticed a boulder beetle
 13685 | Lair:2   | Slain by a yak

Illustrated notes

Levels and vault maps discovered:
D:1:      sevenhm_arrival_forest_fort_small_3, layout_rooms,
          chequers_serial_rivers_room_b, minmay_misc_feat_five
D:2:      layout_loops_ring, dreamdust_ecumenical_altar_angels_and_demons,
          serial_shops, shop
D:3:      layout_basic, grunt_temple_overflow_open, minmay_misc_feat_iff
D:4:      layout_basic, nicolae_overflow_quartered_altars, serial_shops,
          nicolae_diamond_shop
D:5:      layout_loops_ring, lemuel_doored_altar, minmay_misc_feat_rows,
          dreamdust_wishing_well
D:6:      layout_loops_cross, fedhas_altar_fruit_tree,
          minmay_temple_entry_glass, uniq_pikel, uniq_blork_the_orc
D:7:      layout_basic, uniq_menkaure, uniq_joseph, uniq_crazy_yiuf_cottage
D:8:      layout_basic, nicolae_uskayaw_dance_hall, serial_demonic,
          serial_demonic_d, serial_demonic_a, serial_demonic_c,
          serial_demonic_c, nicolae_diode_quadrants
D:9:      layout_irregular_city, kennysheep_little_box, enter_bailey_4,
          minmay_between, uniq_harold
D:10:     layout_basic, nicolae_ru_awakened_eye
D:11:     layout_rooms, hellmonk_lair_entry_icy, serial_ice, serial_ice_j,
          serial_ice_m, serial_ice_o, serial_ice_c, serial_ice_g, serial_ice_f,
          guppyfry_shop_earth, uniq_psyche, uniq_lodul
D:12:     layout_roguey, nicolae_trove_entry_crossroad
Lair:1:   layout_small_grid
Lair:2:   gammafunk_boulding_lane, layout_small_grid, elwin_shoals_entry_rooms
Orc:1:    layout_caves

Skill      XL: |  1  2  3  4  5  6  7  8  9 10 11 12 |
---------------+-------------------------------------+-----
Spellcasting   | 5 6 7 8 9 11 13 14 16 17 | 17.0
Conjurations   | 1 2 |  2.2
Dodging        | 1 2 3 4 5 6 7 |  7.4
Necromancy     | 1 2 4 6 7 8 9 10 | 10.2
Short Blades   | 1 2 |  2.1
Translocations | 3 4 |  4.2
Stealth        | 2 3 |  3.0
Throwing       | 1 |  1.8
Fire Magic     | 2 3 5 6 7 |  7.4
Poison Magic   | 3 4 5 |  5.4
Transmutations | 2 4 |  4.3
Shields        | 2 |  2.0
Fighting       | 2 5 6 |  6.1
Long Blades    | 1 |  1.6
Armour         | 2 3 |  3.1
Ice Magic      | 2 |  2.2
Air Magic      | 1 |  1.1
Hexes          | |  0.1
Invocations    | |  1.0

Action                     |  1- 3 |  4- 6 |  7- 9 | 10-12 || total
---------------------------+-------+-------+-------+-------++-------
  Melee: Short sword       |    76 |    42 |       |       ||   118
         Dagger            |       |    44 |    25 |       ||    69
         Rapier            |       |    19 |    64 |    44 ||   127
         Scimitar          |       |       |    27 |    41 ||    68
  Throw: Dart              |       |    17 |    43 |    37 ||    97
         Boomerang         |       |       |       |     4 ||     4
   Cast: Apportation       |    32 |    29 |    39 |    32 ||   132
         Magic Dart        |    56 |    23 |    27 |       ||   106
         Vampiric Draining |     2 |    30 |    82 |    84 ||   198
         Blink             |       |     2 |     2 |    16 ||    20
         Scorch            |       |       |    72 |   159 ||   231
         Teleport Other    |       |       |     5 |       ||     5
         Ignite Poison     |       |       |     4 |    31 ||    35
         Fulminant Prism   |       |       |       |     8 ||     8
         Poisonous Vapours |       |       |       |    38 ||    38
         Fireball          |       |       |       |     6 ||     6
         Freezing Cloud    |       |       |       |     5 ||     5
         Wereblood         |       |       |       |     4 ||     4
         Mephitic Cloud    |       |       |       |     3 ||     3
  Evoke: Wand              |       |       |     4 |     2 ||     6
    Use: Scroll            |     1 |       |     9 |     6 ||    16
         Potion            |       |       |     1 |       ||     1
   Stab: Sleeping          |     2 |     2 |     3 |     3 ||    10
         Distracted        |       |     1 |       |     1 ||     2
         Confused          |       |       |       |     1 ||     1
 Armour: Robe              |    41 |    20 |    56 |    13 ||   130
         Steam dragon scal |       |       |       |    32 ||    32
         Troll leather arm |       |       |       |    31 ||    31
  Dodge: Dodged            |    49 |    60 |   174 |   214 ||   497
  Block: Buckler           |    17 |    18 |    39 |    60 ||   134
